[Event "Overnight Daily SuperBlitz Arena"]
[Site "https://chessrook.com/A1jpVIhhPK"]
[Date "2025.04.04"]
[White "gar_help"]
[Black "job827"]
[Result "1-0"]
[WhiteElo "2576"]
[BlackElo "2513"]
[PlyCount "97"]
[Variant "Standard"]
[TimeControl "180+0"]
[ECO "B00"]
[Opening "Nimzowitsch Defense"]
[Termination "Normal"]
[Annotator "chessrook.com"]

1. e4 Nc6 { B00 Nimzowitsch Defense } 2. c4 e5 3. d3 Be7 4. Qg4 Nf6 5. Qd1 O-O 6. Be2 Bb4+ 7. Nc3 d6 8. Nf3 Nd4 9. O-O Bd7 10. Nxd4 Bxc3 11. bxc3 exd4 12. cxd4 Re8 13. e5 Qe7 14. f4 c5 15. Bf3 Rab8 16. Bb2 b5 17. Rf2 h6 18. exf6 Qe3 19. Qd2 gxf6 20. Qxe3 Rxe3 21. dxc5 dxc5 22. Rc1 Rxd3 23. cxb5 Rd6 24. a4 a6 25. a5 Bxb5 26. Bg4 Bd7 27. h3 Bxg4 28. hxg4 Rb5 29. Bc3 Re6 30. f5 Re4 31. Bxf6 Rxg4 32. Rd1 Rb8 33. Rd6 h5 34. Rxa6 Rc8 35. Rf3 Re8 36. Rh3 h4 37. Rc6 Rc4 38. Bxh4 Kf8 39. Bg5 Re1+ 40. Kf2 Ke8 41. Rc7 Kf8 42. Rh8+ Kg7 43. Rh6 Rf4+ 44. Bxf4 Re8 45. Rg6+ Kh8 46. Rxf7 c4 47. a6 Re1 48. Kxe1 c3 49. Be5# { Black is checkmated } 1-0